 Dungeon Crawl Stone Soup version 0.17-a0-1534-gf98da79 (webtiles) character file.

100 George the Skirmisher (level 4, -10/41 HPs)
             Began as a Minotaur Fighter on July 17, 2015.
             Was an Initiate of Okawaru.
             Killed by divine providence
             ... invoked by an orc priest
              (11 damage)
             ... on level 3 of the Dungeon.
             The game lasted 00:03:31 (2070 turns).

George the Skirmisher (Minotaur Fighter)            Turns: 2070, Time: 00:03:31

Health: -10/41     AC: 10    Str: 26    XL:     4   Next: 47%
Magic:  3/3        EV:  6    Int:  5    God:    Okawaru [......]
Gold:   90         SH: 10    Dex: 10    Spells: 0 memorised, 3 levels left

rFire  . . .     SeeInvis +     a - +0 long sword
rCold  . . .     Clarity  .     n - +0 chain mail {rN+}
rNeg   + . .     SustAt   .     c - +0 shield
rPois  .         Gourm    .     (helmet restricted)
rElec  .         Spirit   .     (no cloak)
rCorr  .         Warding  .     (no gloves)
rMut   .         Stasis   .     m - +0 pair of boots
MR     .....                    (no amulet)
Stlth  ..........               (no ring)
                                g - ring of see invisible

@: mighty, not resistant to hostile enchantments, extremely unstealthy
A: retaliatory headbutt, horns 2
a: Renounce Religion


You were on level 3 of the Dungeon.
You worshipped Okawaru.
Okawaru was noncommittal.
You were hungry.

You visited 1 branch of the dungeon, and saw 3 of its levels.

You collected 90 gold pieces.

Inventory:

Hand weapons
 a - a +0 long sword (weapon)
Armour
 c - a +0 shield (worn)
 m - a +0 pair of boots (worn)
 n - a +0 chain mail of positive energy (worn)
Jewellery
 g - a ring of see invisible (left hand)
Magical devices
 o - a wand of flame (15)
Scrolls
 f - 2 scrolls of teleportation {unknown}
 i - 3 scrolls of remove curse {unknown}
 j - a scroll of magic mapping {unknown}
 k - a scroll of fog {unknown}
 l - 2 scrolls of random uselessness {unknown}
 q - a scroll of fear {unknown}
 r - a scroll of identify {unknown}
Potions
 h - a potion of resistance {unknown}
 p - 2 potions of haste {unknown}
Comestibles
 e - 2 bread rations


   Skills:
 + Level 4.7 Fighting
 + Level 3.2 Long Blades
 + Level 4.4 Armour
 + Level 4.0 Shields
 + Level 1.1 Invocations


You had 3 spell levels left.
You didn't know any spells.

Dungeon Overview and Level Annotations

Branches:
Dungeon (3/15)

Altars:
Nemelex Xobeh
Okawaru
Vehumet
The Shining One


Innate Abilities, Weirdness & Mutations

You reflexively headbutt those who attack you in melee.
You have a pair of horns on your head.


Message History

You headbutt the orc priest. You hit the orc priest.
You headbutt the orc priest.
The orc priest is lightly wounded.
The orc priest invokes the aid of Beogh against you.
Something smites you! The orc hits you but does no damage.
The orc priest hits you with a war axe.
* * * LOW HITPOINT WARNING * * *
Drink which item? (? for menu, Esc to quit)
You feel very mighty all of a sudden.
You slash the orc!
You kill the orc!
Okawaru accepts your kill.
You see here a club.
You closely miss the orc priest. You headbutt the orc priest!
The orc priest is severely wounded.
The orc priest hits you with a war axe!
* * * LOW HITPOINT WARNING * * *
The orc priest calls down the wrath of Beogh upon you.
Something smites you!
You die...

#.# #.##.##.###. #o#
#.##.##.###. #o#
#.##.)...... ###.###
#.###.#.####
#?o...####>###.#.####
#.#.#o#...........≈≈#
# #.....#########.≈##
#.###o### #.≈#
#...@.# #.≈# #######
#.≈# #..+ ##≈# ≈#


You could see 2 orc priests.

Vanquished Creatures
  An orc priest (D:3)
  2 adders (D:2)
  A worm (D:2)
  6 orcs (D:3)
  2 giant cockroaches (D:2)
  3 goblins
  5 hobgoblins
  2 quokkas (D:2)
  2 ball pythons
  3 bats
  A giant newt (D:1)
  6 jackals
  8 kobolds
  5 rats
47 creatures vanquished.

Notes
Turn   | Place    | Note
--------------------------------------------------------------
     0 | D:1      | George the Minotaur Fighter began the quest for the Orb.
     0 | D:1      | Reached XP level 1. HP: 19/19 MP: 0/0
   343 | D:1      | Reached XP level 2. HP: 27/27 MP: 1/1
   739 | D:2      | Reached skill level 4 in Armour
   898 | D:2      | Found a glowing golden altar of the Shining One.
  1003 | D:2      | Found a sparkling altar of Nemelex Xobeh.
  1213 | D:2      | Found an iron altar of Okawaru.
  1217 | D:2      | Became a worshipper of Warmaster Okawaru
  1234 | D:2      | Reached XP level 3. HP: 30/33 MP: 2/2
  1478 | D:3      | Found a radiant altar of Vehumet.
  1500 | D:3      | Reached skill level 1 in Invocations
  1500 | D:3      | Reached XP level 4. HP: 16/41 MP: 3/3
  2070 | D:3      | HP: 1/41 [orc priest/war axe (8)]
  2070 | D:3      | Killed from afar by an orc priest

Vault maps used:
D:1:      lightli_molten_gateway
D:2:      okawaru_ov_weapons_minmay, nemelex_deck, lemuel_crystal_altar,
          minmay_misc_feat_roman, kennysheep_generic_room_4
D:3:      vehumet_altar_wand_db, nicolae_ru_sacrificial_ziggurat,
          old_standard_altar, lightli_temple_of_fire, first_bread,
          minmay_gold_behind_fungi, minivault_11, uniq_jessica

Action                   |  1- 3 |  4- 6 || total
-------------------------+-------+-------++-------
Melee: Long sword        |   119 |    31 ||   150
Evoke: Wand              |       |     3 ||     3
  Use: Potion            |       |     1 ||     1
  Eat: Chunk             |     2 |     1 ||     3
